 Dungeon Crawl Stone Soup version 0.27-a0-1090-gb115f176c6 (webtiles) character file.

Game seed: 14029961870014152038

49 voltaire321 the Cutter (level 3, -1/28 HPs)
             Began as a Vampire Gladiator on Apr 28, 2021.
             Slain by Terence
             ... wielding a +0 flail
              (7 damage)
             ... on level 2 of the Dungeon.
             The game lasted 00:03:26 (1254 turns).

voltaire321 the Cutter (Vampire Gladiator)          Turns: 1254, Time: 00:03:27

Health: -1/28      AC:  6    Str: 19    XL:     3   Next: 53%
Magic:  3/3        EV: 13    Int: 10    God:
Gold:   20         SH:  0    Dex: 16    Spells: 2/2 levels left

rFire    . . .     SeeInvis +   a - +0 rapier
rCold    . . .     Faith    .   (no shield)
rNeg     . . .     Spirit   .   b - +0 leather armour
rPois    .         Reflect  .   c - +0 helmet
rElec    .         Harm     .   (no cloak)
rCorr    .         Rampage  .   l - +0 pair of gloves {Stlth+}
Will     .....                  o - +0 pair of boots
Stlth    ++........             (no amulet)
HPRegen  0.29/turn              f - +6 ring of strength
MPRegen  0.08/turn              (no ring)

@: healing quickly
A: alive, fangs 3, see invisible, unbreathing 1, vampiric 2
a: Exsanguinate


You were on level 2 of the Dungeon.
You visited 1 branch of the dungeon, and saw 2 of its levels.

You collected 50 gold pieces.
You spent 30 gold pieces at shops.

Inventory:

Hand Weapons
 a - a +0 rapier (weapon)
Missiles
 d - 3 throwing nets (quivered)
Armour
 b - a +0 leather armour (worn)
 c - a +0 helmet (worn)
 l - a +0 pair of gloves of stealth (worn)
 o - a +0 pair of boots (worn)
Jewellery
 f - a +6 ring of strength (left hand)
 g - a ring of fire
Scrolls
 e - 2 scrolls of teleportation {unknown}
 h - a scroll of magic mapping {unknown}
 i - 2 scrolls of amnesia {unknown}
 k - a scroll of silence {unknown}
 n - a scroll of identify {unknown}
Potions
 j - a potion of brilliance {unknown}
 m - a potion of curing


   Skills:
 + Level 2.3 Fighting
 + Level 3.8 Short Blades
 + Level 2.0 Throwing
 + Level 3.8 Dodging


You had 2 spell levels left.
You didn't know any spells.
Your spell library contained the following spells:

 Spells                   Type           Power      Damage    Failure   Level
 Confusing Touch          Hex            0%         N/A       80%         3
 Gell's Gravitas          Tloc           0%         N/A       80%         3
 Petrify                  Tmut/Erth      0%         N/A       99%         4
 Metabolic Englaciation   Hex/Ice        0%         N/A       100%        5
 Yara's Violent Unravell  Hex/Tmut       0%         3d3       100%        5


Dungeon Overview and Level Annotations

Branches:
Dungeon (2/15)

Altars:

Shops:
D:2 *

Annotations:
D:2 Terence


Innate Abilities, Weirdness & Mutations

Your natural rate of healing is accelerated.
You have razor-sharp teeth.
You have supernaturally acute eyesight. (SInv)
You can survive without breathing.
You are afflicted with vampirism and can become a bat while bloodless.


Message History

The hobgoblin hits you.
You closely miss the hobgoblin. You bite the hobgoblin.
You kill the hobgoblin!
Terence the Incautious comes into view.
He is wielding a +0 flail.
Found a robe.
Terence shouts!
Terence hits you with a +0 flail.
You see here a +0 robe.
You puncture Terence!
Terence is moderately wounded.
Terence hits you with a +0 flail.
You barely miss Terence.
Terence is moderately wounded.
Terence closely misses you.
You hit Terence but do no damage.
Terence is moderately wounded.
Terence barely misses you.
You hit Terence but do no damage.
Terence is moderately wounded.
Terence hits you with a +0 flail!
You hit Terence. You bite Terence, but do no damage.
Terence is heavily wounded.
Terence misses you.
You hit Terence but do no damage.
Terence is heavily wounded.
Terence misses you.
You hit Terence. You bite Terence.
Terence is severely wounded.
Terence closely misses you.
You hit Terence.
Terence is almost dead.
Terence hits you with a +0 flail.
You hit Terence but do no damage.
Terence is almost dead.
Terence hits you with a +0 flail.
* * * LOW HITPOINT WARNING * * *
Your leather armour prevents you from hitting Terence.
Terence is almost dead.
Terence hits you with a +0 flail!
You die...

####.#
#.# #.#
#.#
#####.#
#.....#
#.#####
#.# #@#
#@# #
#.# #
#.# # #
#.# #.#
#.# #..
#.# ###
#.# # #


You could see Terence.

Vanquished Creatures
  2 adders (D:2)
  A dart slug (D:1)
  3 bats (D:2)
  3 endoplasms
  A giant cockroach (D:1)
  5 goblins
  2 hobgoblins
  2 quokkas (D:1)
  4 ball pythons
  2 frilled lizards
  3 kobolds (D:1)
  2 rats
30 creatures vanquished.

Notes
Turn   | Place    | Note
-------+----------+-------------------------------------------
     0 | D:1      | voltaire321 the Vampire Gladiator began the quest for the
                  | Orb.
     0 | D:1      | Reached XP level 1. HP: 16/16 MP: 1/1
   247 | D:1      | Reached XP level 2. HP: 8/22 MP: 2/2
   848 | D:2      | Found Heexecs's General Store.
   859 | D:2      | Gained mutation: You are afflicted with vampirism and can
                  | become a bat while bloodless. [Vampire growth]
   859 | D:2      | Reached XP level 3. HP: 23/27 MP: 3/3
   877 | D:2      | Bought a potion of curing for 30 gold pieces
  1241 | D:2      | Noticed Terence
  1254 | D:2      | Slain by Terence

Illustrated notes

Levels and vault maps discovered:
D:1:      psy_arrival_whirlpool, layout_basic, minmay_misc_feat_rugged,
          hex_intersection
D:2:      layout_loops_ring, serial_shops,
          nicolae_shop_temple_entry_statues_fountains, uniq_terence

Skill      XL: |  1  2 |
---------------+-------+-----
Fighting       | 2 |  2.3
Throwing       | 2 |  2.0
Short Blades   | |  3.8
Dodging        | |  3.8

Action                   || total
-------------------------++-------
Melee: Rapier            ||   100
       Bite              ||    15
 Stab: Distracted        ||     1
Armor: Leather armour    ||    19
Dodge: Dodged            ||    53

Table legend: (Time is in decaauts)
 A = Elapsed time spent in this place.
 B = Non-inter-level travel time spent in this place.
 C = Inter-level travel time spent in this place.
 D = Time resting spent in this place.
 E = Time spent auto-exploring this place.
 F = Levels seen in this place.
 G = Mean time per level.
                   A        B        C        D        E       F      G
               +--------+--------+--------+--------+--------+-----+--------+
         Total |   1256 |   1243 |     13 |      0 |    955 |   2 |  628.0 |
       Dungeon |   1256 |   1243 |     13 |      0 |    955 |   2 |  628.0 |
               +--------+--------+--------+--------+--------+-----+--------+

Top non-repeatable levels by time:
     D:1: 767 daAuts
     D:2: 489 daAuts
